 Dungeon Crawl Stone Soup version 0.29-a0-410-g9596d59a08 (webtiles) character file.

Game seed: 14793373381119255845

178356 Bruhh the Martial Artist (level 18, -3/155 HPs)
             Began as a Gnoll Transmuter on May 14, 2022.
             Was a High Priest of Ashenzari.
             Slain by a white very ugly thing (6 damage)
             ... on level 3 of the Abyss.
             The game lasted 01:34:43 (34480 turns).

Bruhh the Martial Artist (Gnoll Transmuter)        Turns: 34480, Time: 01:34:44

Health: -3/155     AC: 12    Str: 15    XL:     18   Next: 20%
Magic:  21/32      EV: 17    Int: 19    God:    Ashenzari [*****.]
Gold:   821        SH:  5    Dex: 13    Spells: 24/53 levels left

rFire   + . .      SeeInvis +   N - +4 eveningstar "Scepticism of Ashenzari" {vamp, Elem, Evo} (curse)
rCold   + . .      Faith    .   (no shield)
rNeg    . . .      Spirit   .   e - +1 robe "Share My Inaction" {Archmagi, Alch, Self} (curse)
rPois   .          Reflect  +   (helmet restricted)
rElec   .          Harm     .   w - +2 cloak of Ashenzari's Secrets {Evo, Alch} (curse)
rCorr   +          Rampage  .   L - +2 pair of gloves of the All-seeing Levity {rF+ Slay+3, Elem, Evo} (curse)
Will    +....      Archmagi +   H - +0 pair of boots "I Foresaw This" {Alch, Comp} (curse)
Stlth   +++++..... Clarity  +   I - amulet of the Eye in the Sky {Reflect SH+5 SInv, Alch, Self} (curse)
HPRegen 0.35/turn               z - ring of the Wild Blue Yonder {rC+, Self, Elem} (curse)
MPRegen 0.23/turn               G - ring of the Stellar Seer {rCorr, Evo, Self} (curse)

@: about to teleport, very slightly contaminated, studying Hexes
A: fangs 1, strong nose, distributed training, antennae 1, hooves 1, berserk 1,
strong 2, [low MP 2], [subdued magic 2]
a: Renounce Religion, Curse Item, Shatter the Chains


You were on level 3 of the Abyss.
You worshipped Ashenzari.
Ashenzari was extremely pleased with you.
You visited 5 branches of the dungeon, and saw 23 of its levels.
You visited the Abyss 1 time.

You collected 2025 gold pieces.
You spent 1204 gold pieces at shops.

Inventory:

Hand Weapons
 K - a +1 demon whip of venom
 N - the cursed +4 eveningstar "Scepticism of Ashenzari" (weapon) {vamp, Elem, Evo}
   (You took it off Urug on level 10 of the Dungeon)

   It occasionally heals its wielder for a portion of the damage dealt when it
   wounds a living foe.
   It has a curse which improves the following skills: Elements: Fire Magic, Ice
   Magic, Air Magic and Earth Magic.
   Evocations: Evocations.
Missiles
 E - 4 throwing nets
Armour
 e - the cursed +1 robe "Share My Inaction" (worn) {Archmagi, Alch, Self}
   (You found it on level 11 of the Dungeon)

   It has a curse which improves the following skills: Alchemy: Poison Magic and
   Transmutations.
   Introspection: Fighting and Spellcasting.
 w - the cursed +2 cloak of Ashenzari's Secrets (worn) {Evo, Alch}
   (You found it on level 2 of the Dungeon)

   It has a curse which improves the following skills: Evocations: Evocations.
   Alchemy:   Poison Magic and Transmutations.
 F - a +0 helmet
 H - the cursed +0 pair of boots "I Foresaw This" (worn) {Alch, Comp}
   (You found it on level 9 of the Dungeon)

   It has a curse which improves the following skills: Alchemy: Poison Magic and
   Transmutations.
   Companions: Summonings and Necromancy.
 L - the cursed +2 pair of gloves of the All-seeing Levity (worn) {rF+ Slay+3, Elem, Evo}
   (You found it on level 1 of the Lair of Beasts)

   Slay:      It affects your accuracy & damage with ranged weapons and melee
   (+3).
   rF:        It protects you from fire.
   It has a curse which improves the following skills: Elements: Fire Magic, Ice
   Magic, Air Magic and Earth Magic.
   Evocations: Evocations.
 R - the +0 buckler of Maizxurch {Dex+2}
   (You acquired it on level 1 of the Elven Halls)

   Dex:       It affects your dexterity (+2).
 Y - a +0 tower shield
Jewellery
 x - a ring of see invisible
 z - the cursed ring of the Wild Blue Yonder (left hand) {rC+, Self, Elem}
   (You found it on level 5 of the Dungeon)

   [ring of protection from cold]

   rC:        It protects you from cold.
   It has a curse which improves the following skills: Introspection: Fighting
   and Spellcasting.
   Elements:  Fire Magic, Ice Magic, Air Magic and Earth Magic.
 G - the cursed ring of the Stellar Seer (right hand) {rCorr, Evo, Self}
   (You found it on level 8 of the Dungeon)

   [ring of resist corrosion]

   rCorr:     It protects you from acid and corrosion.
   It has a curse which improves the following skills: Evocations: Evocations.
   Introspection: Fighting and Spellcasting.
 I - the cursed amulet of the Eye in the Sky (around neck) {Reflect SH+5 SInv, Alch, Self}
   (You found it on level 9 of the Dungeon)

   [amulet of reflection]

   It reflects blocked missile attacks.
   SInv:      It lets you see invisible.
   SH:        It affects your SH (+5).
   It has a curse which improves the following skills: Alchemy: Poison Magic and
   Transmutations.
   Introspection: Fighting and Spellcasting.
 M - a ring of fire
 W - a ring of wizardry
 X - a +4 ring of slaying
 Z - a +4 ring of protection
Wands
 t - a wand of polymorph (15)
 u - a wand of iceblast (32)
 y - a wand of digging (15)
 B - a wand of paralysis (12)
 J - a wand of charming (10)
 Q - a wand of mindburst (9)
Scrolls
 d - 5 scrolls of enchant weapon
 f - 9 scrolls of amnesia
 g - 2 scrolls of teleportation
 h - 3 scrolls of noise
 i - 4 scrolls of brand weapon
 j - 2 scrolls of immolation
 k - 4 scrolls of fog
 l - 3 scrolls of magic mapping
 o - 3 scrolls of enchant armour
 q - 5 scrolls of fear
 P - a scroll of summoning
 U - a scroll of blinking
Potions
 a - 3 potions of magic
 b - 9 potions of lignification
 c - 4 potions of cancellation
 m - 2 potions of flight
 s - 4 potions of attraction
 v - 4 potions of degeneration
 A - 6 potions of haste
 C - 4 potions of mutation
 D - 3 potions of brilliance
 S - 4 potions of might
 V - 2 potions of invisibility
Miscellaneous
 p - a piece from Xom's chessboard (15/15)


   Skills:
 + Level 11.9(17.4) Fighting
 + Level 11.6 Short Blades
 + Level 11.6 Long Blades
 + Level 11.6 Axes
 + Level 11.6 Maces & Flails
 + Level 11.6 Polearms
 + Level 11.6 Staves
 + Level 11.6 Slings
 + Level 11.6 Bows
 + Level 11.6 Crossbows
 + Level 11.6 Throwing
 + Level 11.6 Armour
 + Level 12.5 Dodging
 + Level 11.6 Stealth
 + Level 11.6 Shields
 + Level 13.2 Unarmed Combat
 + Level 12.6(18.1) Spellcasting
 + Level 9.8 Conjurations
 + Level 11.1 Hexes
 + Level 9.8(12.1) Summonings
 + Level 9.8(12.1) Necromancy
 + Level 9.8 Translocations
 + Level 10.5(16.0) Transmutations
 + Level 9.8(14.3) Fire Magic
 + Level 9.8(14.3) Ice Magic
 + Level 9.8(14.3) Air Magic
 + Level 9.8(14.3) Earth Magic
 + Level 9.8(15.3) Poison Magic
 + Level 12.6 Invocations
 + Level 11.6(17.1) Evocations


You had 24 spell levels left.
You knew the following spells:

 Your Spells              Type           Power      Damage    Failure   Level
a - Beastly Appendage     Tmut           100%       N/A       0%          1
b - Spider Form           Tmut/Pois      64%        N/A       0%          3
c - Wereblood             Tmut           65%        N/A       0%          2
d - Ice Form              Ice/Tmut       63%        N/A       0%          4
e - Ignite Poison         Fire/Tmut/Pois 63%        N/A       0%          3
f - Poisonous Vapours     Pois/Air       100%       N/A       0%          2
g - Olgreb's Toxic Radia  Pois           63%        N/A       0%          4
h - Irradiate             Conj/Tmut      29%        3d23      1%          5
i - Freezing Cloud        Conj/Ice/Air   29%        6-21      1%          5

Your spell library contained the following spells:

 Spells                   Type           Power      Damage    Failure   Level
 Sting                    Tmut/Pois      100%       1d8       0%          1
 Corpse Rot               Necr/Air       100%       N/A       0%          2
 Ensorcelled Hibernation  Hex/Ice        100%       N/A       0%          2
 Passwall                 Tmut/Erth      52%        N/A       0%          2
 Scorch                   Fire           100%       2d10      0%          2
 Sublimation of Blood     Necr           56%        N/A       0%          2
 Conjure Flame            Conj/Fire      56%        6-21      0%          3
 Mephitic Cloud           Conj/Pois/Air  58%        N/A       0%          3
 Swiftness                Air            61%        N/A       0%          3
 Petrify                  Tmut/Erth      63%        N/A       0%          4
 Flame Wave               Conj/Fire      56%        2d11      1%          4
 Fulminant Prism          Conj/Hex       26%        3d14      1%          4
 Iskenderun's Mystic Bla  Conj/Tloc      50%        2d11      1%          4
 Sticky Flame             Conj/Fire      56%        2d7       1%          4
 Lee's Rapid Deconstruct  Erth           30%        3d17*     1%          5
 Summon Cactus Giant      Summ           28%        N/A       1%          6
 Chain Lightning          Conj/Air       28%        3d37      100%        9
 Fire Storm               Conj/Fire      28%        8d7       100%        9
 Shatter                  Erth           30%        3d25*     100%        9


Dungeon Overview and Level Annotations

Branches:
Dungeon (11/15)            Temple (1/1) D:4            Lair (6/6) D:11
  Swamp (0/4) Lair:4        Snake (0/4) Lair:3        Slime (0/5) Lair:5
    Orc (2/2) D:9             Elf (3/3) Orc:2

Altars:
Ashenzari
Cheibriados
Fedhas
Gozag
Hepliaklqana
Kikubaaqudgha
Makhleb
Nemelex Xobeh
Okawaru
Qazlal
Ru
Sif Muna
Vehumet
Zin
The Shining One
Beogh

Shops:
D:1 !   D:3 =   D:7 !?*[   Orc:2 !=([   Elf:3 ?=:(

Portals:
Trove: Elf:3 (give 3 potions of resistance)

Annotations:
D:9 1 runed translucent door, MrShunz's ghost, journeyman HOFi
Lair:4 1 runed translucent door, Majang's ghost, journeyman TeBe
Elf:3 exclusion: orange crystal statue


Innate Abilities, Weirdness & Mutations

You have very sharp teeth.
Your uncanny sense of smell can sniff out nearby items.
Your experience applies equally to all skills.
You have a pair of small antennae on your head.
You have large cloven feet.
You tend to lose your temper in combat.
Your muscles are very strong. (Str +4)
[Your magical capacity is very low. (-20% MP)]
[Your spells are easier to cast, but less powerful.]


Message History

* * * LOW HITPOINT WARNING * * *
A green very ugly thing comes into view.
Casting: Irradiate (safe; 1% risk of failure)
Confirm with . or Enter, or press ? or * to list all spells.
You feel a surge of power!
You erupt in a fountain of uncontrolled magic!
The large abomination is blasted with magical radiation!
The large abomination is moderately damaged.
The red very ugly thing is blasted with magical radiation!
The red very ugly thing is moderately wounded.
The red very ugly thing basks in the mutagenic energy and changes!
You are lightly contaminated with residual magic.
The raiju barks!
The green very ugly thing gurgles horribly!
The large abomination barely misses you.
The white very ugly thing stings you!
* * * LOW HITPOINT WARNING * * *
The white very ugly thing freezes you!! You resist.
* * * LOW HITPOINT WARNING * * *
Okay, then.
Okay, then.
Casting: Irradiate (safe; 1% risk of failure)
Confirm with . or Enter, or press ? or * to list all spells.
Okay, then.
Casting: Irradiate (safe; 1% risk of failure)
Confirm with . or Enter, or press ? or * to list all spells.
Okay, then.
The white very ugly thing attacks as you move away!
You block the white very ugly thing's attack.
The large abomination attacks as you move away!
The large abomination barely misses you.
The white very ugly thing attacks as you move away!
The white very ugly thing stings you but does no damage.
The large abomination attacks as you move away!
The large abomination barely misses you.
The white very ugly thing attacks as you move away!
You block the white very ugly thing's attack.
The white very ugly thing attacks as you move away!
The white very ugly thing stings you.
You die...

*,** .......*#.*#.#
*, ,* , *
,**#.##....... # ** *
, , ,##.##..####..*,
** * * *
*,{#.......###.,.#* *
, * * ,,,
,#..#.....##..## , *
, #........##..# , ,*
, , *
,**#........##..# , ,
, , , #............#
*,*, , * * ,
{#......u@....# ,* ,
, ,,*
##.....X.#......,, ,
,
*#...X#..X...#.#####*
,*, ,
#.#*.#..#......# , ,,
, * , ***
*.##..#..u.##..*,,,,
* * ** *#
##..#..h...., , , , ,
.....u...... ,, , , ,
,,,,. .....u.u..#..
,,, ,* , * **##
.#....#......,*,,, *
*


You could see 3 very ugly things, 2 ugly things, 3 large abominations and a
raiju.

Vanquished Creatures
  A deep elf blademaster (Elf:2)
  2 tentacled starspawn (Abyss:3)
  Kirke (Elf:1)
  2 deep elf sorcerers (Elf:3)
  An orc warlord (Orc:2)
  3 deep elf annihilators
  3 deep elf demonologists (Elf:3)
  Nessos (Orc:2)
  2 ettins (Orc:2)
  Josephine (Orc:1)
  6 hydras
  A deep elf high priest (Elf:3)
  Harold (Lair:2)
  2 boulder beetles
  A merfolk avatar (Lair:6)
  2 two-headed ogres
  27 dancing weapons
  6 death yaks (Lair:6)
  3 thrashing horrors (Abyss:3)
  Urug (D:10)
  4 orc high priests (Orc:2)
  Sonja (D:10)
  14 deep elf knights
  Amaemon (D:9)
  Nergalle (Lair:4)
  2 wretched stars (Abyss:3)
  4 sea snakes (Lair:6)
  A shadow demon (Abyss:3)
  11 deep elf archers
  A wizard (Elf:1)
  6 orc knights
  Pikel (D:4)
  A harpy (Lair:6)
  29 deep elf pyromancers
  2 oklob plants
  20 deep elf zephyrmancers
  An ugly thing (D:11)
  6 orc sorcerers
  2 cyclopes (D:11)
  2 manticores
  11 elephants
  8 black mambas
  10 cane toads
  9 rime drakes
  10 komodo dragons
  2 torpor snails (Lair:6)
  2 kobold demonologists (D:10)
  An orange demon (D:9)
  An ancient zyme (Abyss:3)
  Prince Ribbit (D:5)
  6 trolls
  A hornet (D:9)
  5 polar bears
  3 wind drakes (Lair:6)
  2 blink frogs (Lair:6)
  5 raiju (Abyss:3)
  17 dream sheep
  A spriggan (Lair:2)
  4 air elementals
  3 flying skulls (Abyss:3)
  7 wraiths
  58 yaks
  2 shadows
  Sigmund (D:4)
  13 wyverns
  A vampire (D:10)
  A water elemental (Elf:1)
  5 basilisks
  2 steam dragons (Lair:6)
  3 fire elementals
  4 wargs
  An acid dragon (D:8)
  11 water moccasins
  2 black bears
  6 ice beasts
  2 sky beasts
  32 orc warriors
  2 boggarts (Elf:1)
  15 ogres
  2 phantoms
  10 wolves
  6 centaurs
  4 kobold brigands
  13 bullfrogs
  2 necrophages
  An earth elemental (Elf:3)
  4 scorpions
  2 gnoll sergeants
  7 wights
  11 killer bees
  3 electric eels (D:9)
  4 vampire bats (Lair:2)
  4 hounds
  2 gnoll shamans (D:7)
  20 orc priests
  3 jellies
  2 iron imps
  Jessica (D:3)
  5 iguanas
  17 orc wizards
  6 hell rats (Lair:1)
  A small abomination (Abyss:3)
  16 gnolls
  5 adders
  2 river rats (Lair:1)
  A shadow imp (D:7)
  4 white imps
  A worm (D:4)
  3 dart slugs
  86 orcs
  5 ball pythons
  An endoplasm (D:1)
  A giant cockroach (D:1)
  5 goblins
  7 hobgoblins
  3 jackals (D:1)
  15 kobolds
  4 quokkas
  10 bats
  9 rats
  A butterfly (Lair:4)
  2 starspawn tentacles (Abyss:3)
758 creatures vanquished.

Vanquished Creatures (collateral kills)
  2 water moccasins (Lair:1)
  2 hell rats (Lair:1)
  2 rats (Lair:1)
6 creatures vanquished.

Vanquished Creatures (others)
  5 humans (Elf:1)
  45 fungi
  81 plants
  9 starspawn tentacles (Abyss:3)
140 creatures vanquished.

Grand Total: 904 creatures vanquished

Notes
Turn   | Place    | Note
-------+----------+-------------------------------------------
     0 | D:1      | Bruhh the Gnoll Transmuter began the quest for the Orb.
     0 | D:1      | Reached XP level 1. HP: 17/17 MP: 6/6
    21 | D:1      | Reached XP level 2. HP: 23/23 MP: 5/7
   329 | D:1      | Found Faorph's Distillery.
   709 | D:1      | Reached XP level 3. HP: 28/28 MP: 7/9
   849 | D:2      | Reached skill level 5 in Spellcasting
  1020 | D:2      | Noticed a scorpion
  1042 | D:3      | Learned a level 3 spell: Spider Form
  1045 | D:3      | Learned a level 2 spell: Wereblood
  1095 | D:2      | Reached skill level 1 in Invocations
  1491 | D:2      | Killed a scorpion
  1492 | D:2      | Reached skill level 1 in Short Blades
  1492 | D:2      | Reached skill level 1 in Long Blades
  1492 | D:2      | Reached skill level 1 in Axes
  1492 | D:2      | Reached skill level 1 in Maces & Flails
  1492 | D:2      | Reached skill level 1 in Polearms
  1492 | D:2      | Reached skill level 1 in Staves
  1492 | D:2      | Reached skill level 1 in Slings
  1492 | D:2      | Reached skill level 1 in Bows
  1492 | D:2      | Reached skill level 1 in Crossbows
  1492 | D:2      | Reached skill level 1 in Throwing
  1492 | D:2      | Reached skill level 1 in Armour
  1492 | D:2      | Reached skill level 1 in Stealth
  1492 | D:2      | Reached skill level 1 in Shields
  1492 | D:2      | Reached skill level 1 in Conjurations
  1492 | D:2      | Reached skill level 1 in Hexes
  1492 | D:2      | Reached skill level 1 in Summonings
  1492 | D:2      | Reached skill level 1 in Necromancy
  1492 | D:2      | Reached skill level 1 in Translocations
  1492 | D:2      | Reached skill level 1 in Fire Magic
  1492 | D:2      | Reached skill level 1 in Ice Magic
  1492 | D:2      | Reached skill level 1 in Air Magic
  1492 | D:2      | Reached skill level 1 in Earth Magic
  1492 | D:2      | Reached skill level 1 in Poison Magic
  1492 | D:2      | Reached skill level 1 in Evocations
  1492 | D:2      | Reached XP level 4. HP: 34/34 MP: 4/11
  1880 | D:2      | Found a faded altar of an unknown god.
  2109 | D:3      | Found Uguc Gew's Jewellery Shop.
  2177 | D:3      | Reached XP level 5. HP: 40/40 MP: 10/12
  2211 | D:3      | Noticed Jessica
  2221 | D:3      | Killed Jessica
  2769 | D:4      | Found an iron altar of Okawaru.
  2920 | D:4      | Noticed Sigmund
  3298 | D:4      | Killed Sigmund
  3299 | D:4      | Reached skill level 5 in Dodging
  3299 | D:4      | Reached XP level 6. HP: 24/47 MP: 11/14
  3607 | D:4      | Noticed Pikel
  3618 | D:4      | Killed Pikel
  3619 | D:4      | Reached skill level 7 in Unarmed Combat
  3619 | D:4      | Reached XP level 7. HP: 37/53 MP: 10/15
  3713 | D:4      | Found a staircase to the Ecumenical Temple.
  3724 | Temple   | Entered the Ecumenical Temple
  3842 | Temple   | Became a worshipper of Ashenzari the Shackled
  3889 | D:4      | Reached XP level 8. HP: 60/60 MP: 11/16
  3976 | D:4      | Found a glowing silver altar of Zin.
  4620 | D:5      | Entered Level 5 of the Dungeon
  4646 | D:5      | Found a stormy altar of Qazlal.
  4831 | D:5      | Noticed Prince Ribbit
  4851 | D:5      | Killed Prince Ribbit
  4851 | D:5      | HP: 1/61 [hound (5)]
  5017 | D:5      | Reached * piety under Ashenzari
  5040 | D:5      | Identified the +3 ring mail "Feonij" {rF+}
  5422 | D:5      | Identified the cursed +0 robe of Ashenzari's Levity {Elem,
                  | Evo}
  5861 | D:6      | Reached skill level 5 in Transmutations
  5861 | D:6      | Reached XP level 9. HP: 24/68 MP: 13/19
  6392 | D:6      | Found a blossoming altar of Fedhas.
  6668 | D:7      | Reached skill level 5 in Fighting
  6770 | D:7      | Found Morchuiv's Distillery.
  6773 | D:7      | Found Recuro's General Store.
  6774 | D:7      | Found Lymov's Magic Scroll Shop.
  6774 | D:7      | Found Boghojes's Armour Shop.
  6840 | D:7      | Reached ** piety under Ashenzari
  7073 | D:7      | Identified the cursed +2 cloak of Ashenzari's Secrets {Evo,
                  | Alch} (You found it on level 2 of the Dungeon)
  7103 | D:7      | Reached skill level 8 in Unarmed Combat
  7278 | D:7      | Reached skill level 5 in Invocations
  7634 | D:7      | Found a snail-covered altar of Cheibriados.
  7651 | D:7      | Learned a level 4 spell: Ice Form
  7867 | D:7      | Learned a level 3 spell: Ignite Poison
  7870 | D:7      | Learned a level 2 spell: Poisonous Vapours
  8247 | D:8      | Reached XP level 10. HP: 33/77 MP: 19/22
  8504 | D:8      | Reached skill level 5 in Short Blades
  8504 | D:8      | Reached skill level 5 in Long Blades
  8504 | D:8      | Reached skill level 5 in Axes
  8504 | D:8      | Reached skill level 5 in Maces & Flails
  8504 | D:8      | Reached skill level 5 in Polearms
  8504 | D:8      | Reached skill level 5 in Staves
  8504 | D:8      | Reached skill level 5 in Slings
  8504 | D:8      | Reached skill level 5 in Bows
  8504 | D:8      | Reached skill level 5 in Crossbows
  8504 | D:8      | Reached skill level 5 in Throwing
  8504 | D:8      | Reached skill level 5 in Armour
  8504 | D:8      | Reached skill level 5 in Stealth
  8504 | D:8      | Reached skill level 5 in Shields
  8504 | D:8      | Reached skill level 5 in Evocations
  8527 | D:8      | Identified the +10 spear of Untimely Demise {pain, rPois
                  | rF+ rN+}
  8732 | D:8      | Found a hazy altar of Hepliaklqana.
  8875 | D:9      | Identified the +6 short sword "Ruxtuf" {freeze, Will+}
  8875 | D:9      | Identified the amulet "Plog" {Reflect SH+5 SInv}
  9072 | D:9      | Found a sparkling altar of Nemelex Xobeh.
  9342 | D:9      | Found a runed translucent door.
  9342 | D:9      | Noticed MrShunz's ghost (journeyman HOFi)
  9482 | D:9      | Found a staircase to the Orcish Mines.
  9487 | D:9      | Noticed a two-headed ogre
  9494 | D:9      | Killed a two-headed ogre
  9572 | D:9      | Learned a level 4 spell: Olgreb's Toxic Radiance
  9578 | D:9      | Learned a level 5 spell: Irradiate
  9590 | D:9      | Reached XP level 11. HP: 35/85 MP: 8/24
  9798 | D:9      | Noticed Amaemon
  9804 | D:9      | Killed Amaemon
  9805 | D:9      | Reached skill level 9 in Unarmed Combat
  9813 | D:9      | Reached skill level 5 in Conjurations
  9813 | D:9      | Reached skill level 5 in Hexes
  9813 | D:9      | Reached skill level 5 in Summonings
  9813 | D:9      | Reached skill level 5 in Necromancy
  9813 | D:9      | Reached skill level 5 in Translocations
  9813 | D:9      | Reached skill level 5 in Fire Magic
  9813 | D:9      | Reached skill level 5 in Ice Magic
  9813 | D:9      | Reached skill level 5 in Air Magic
  9813 | D:9      | Reached skill level 5 in Earth Magic
  9813 | D:9      | Reached skill level 5 in Poison Magic
 10095 | D:10     | Entered Level 10 of the Dungeon
 10131 | D:10     | Noticed Sonja
 10153 | D:10     | Killed Sonja
 10453 | D:10     | Identified the cursed +0 pair of boots "Per Aspera Ad
                  | Scientiam" {Comp, Alch} (You found it on level 8 of the
                  | Dungeon)
 10652 | D:10     | Found a sacrificial altar of Ru.
 10680 | D:10     | Noticed Urug
 10687 | D:10     | Killed Urug
 11094 | D:11     | Noticed a manticore
 11094 | D:11     | Noticed a cyclops
 11099 | D:11     | Killed a manticore
 11399 | D:11     | Killed a cyclops
 11422 | D:11     | Noticed a cyclops
 11643 | D:11     | Killed a cyclops
 11955 | D:11     | Noticed a two-headed ogre
 11962 | D:11     | Killed a two-headed ogre
 12015 | D:11     | Noticed an oklob plant
 12117 | D:11     | Noticed a four-headed hydra
 12127 | D:11     | Killed a four-headed hydra
 12130 | D:11     | Gained mutation: You are frail. (-10% HP) [mutagenic glow]
 12233 | D:11     | Identified the +0 ring mail of Sif Muna's Reproof {rPois
                  | rC+ Dex+4}
 12265 | D:11     | Lost mutation: You are frail. (-10% HP) [potion of
                  | mutation]
 12265 | D:11     | Gained mutation: You have a pair of small antennae on your
                  | head. [potion of mutation]
 12265 | D:11     | Gained mutation: You are clumsy. (Dex -2) [potion of
                  | mutation]
 12265 | D:11     | Gained mutation: You are frail. (-10% HP) [potion of
                  | mutation]
 12266 | D:11     | Lost mutation: You are frail. (-10% HP) [potion of
                  | mutation]
 12266 | D:11     | Lost mutation: You are clumsy. (Dex -2) [potion of
                  | mutation]
 12266 | D:11     | Gained mutation: You sometimes lose the ability to read
                  | scrolls when taking damage. [potion of mutation]
 12266 | D:11     | Gained mutation: You are agile. (Dex +2) [potion of
                  | mutation]
 12283 | D:11     | Reached XP level 12. HP: 94/94 MP: 20/25
 12434 | D:11     | Reached *** piety under Ashenzari
 12502 | D:11     | Noticed a boulder beetle
 12505 | D:11     | Killed a boulder beetle
 12720 | D:11     | Found a staircase to the Lair.
 12846 | D:11     | Identified the cursed +0 pair of gloves of Curses and Power
                  | {Elem, Self} (You found it on level 7 of the Dungeon)
 12876 | Lair:1   | Entered Level 1 of the Lair of Beasts
 12942 | Lair:1   | Lost mutation: You sometimes lose the ability to read
                  | scrolls when taking damage. [potion of mutation]
 12942 | Lair:1   | Lost mutation: You are agile. (Dex +2) [potion of mutation]
 13227 | Lair:1   | Identified the +2 pair of gloves "Ipilu" {rF+ Slay+3}
 13986 | Lair:2   | Identified the cursed +1 robe "Share My Inaction"
                  | {Archmagi, Alch, Self} (You found it on level 11 of the
                  | Dungeon)
 14170 | Lair:2   | Reached skill level 10 in Unarmed Combat
 14268 | Lair:2   | Reached **** piety under Ashenzari
 14769 | Lair:2   | Noticed Harold
 14777 | Lair:2   | Killed Harold
 15494 | Lair:3   | Identified the cursed +4 eveningstar "Scepticism of
                  | Ashenzari" {vamp, Elem, Evo} (You took it off Urug on level
                  | 10 of the Dungeon)
 15549 | Lair:3   | Learned a level 5 spell: Freezing Cloud
 15563 | Lair:3   | Reached XP level 13. HP: 102/104 MP: 24/28
 15910 | Lair:3   | Found a staircase to the Snake Pit.
 16483 | Lair:4   | Identified a scroll of acquirement
 17219 | Lair:4   | Found a runed translucent door.
 17219 | Lair:4   | Noticed Majang's ghost (journeyman TeBe)
 17219 | Lair:4   | Identified the Papyrus of Attacks
 17240 | Lair:4   | Found a staircase to the Swamp.
 17277 | Lair:4   | Noticed Nergalle
 17290 | Lair:4   | Killed Nergalle
 17590 | Lair:4   | Reached ***** piety under Ashenzari
 18103 | Lair:5   | Found a staircase to the Slime Pits.
 18231 | Lair:5   | Reached skill level 10 in Spellcasting
 19190 | Lair:5   | Reached skill level 10 in Dodging
 19190 | Lair:5   | Reached skill level 11 in Unarmed Combat
 19190 | Lair:5   | Reached XP level 14. HP: 114/119 MP: 16/32
 19488 | Lair:6   | Entered Level 6 of the Lair of Beasts
 19815 | Lair:6   | Reached skill level 10 in Invocations
 21361 | Lair:6   | Reached skill level 10 in Fighting
 22172 | Orc:1    | Entered Level 1 of the Orcish Mines
 22174 | Orc:1    | Noticed Josephine
 22181 | Orc:1    | Killed Josephine
 22182 | Orc:1    | Reached XP level 15. HP: 117/129 MP: 16/35
 22912 | Orc:1    | Found a burning altar of Makhleb.
 22979 | Orc:2    | Entered Level 2 of the Orcish Mines
 23503 | Orc:2    | Found Peiduv's Armour Boutique.
 23760 | Orc:2    | Found Nikhlik's Weapon Shop.
 24364 | Orc:2    | Reached skill level 10 in Short Blades
 24364 | Orc:2    | Reached skill level 10 in Long Blades
 24364 | Orc:2    | Reached skill level 10 in Axes
 24364 | Orc:2    | Reached skill level 10 in Maces & Flails
 24364 | Orc:2    | Reached skill level 10 in Polearms
 24364 | Orc:2    | Reached skill level 10 in Staves
 24364 | Orc:2    | Reached skill level 10 in Slings
 24364 | Orc:2    | Reached skill level 10 in Bows
 24364 | Orc:2    | Reached skill level 10 in Crossbows
 24364 | Orc:2    | Reached skill level 10 in Throwing
 24364 | Orc:2    | Reached skill level 10 in Armour
 24364 | Orc:2    | Reached skill level 10 in Stealth
 24364 | Orc:2    | Reached skill level 10 in Shields
 24364 | Orc:2    | Reached skill level 10 in Evocations
 24518 | Orc:2    | Found a staircase to the Elven Halls.
 24677 | Orc:2    | Noticed Nessos
 24679 | Orc:2    | Killed Nessos
 24909 | Orc:2    | Noticed an orc warlord
 24916 | Orc:2    | Killed an orc warlord
 24917 | Orc:2    | Reached skill level 12 in Unarmed Combat
 24944 | Orc:2    | Found Isox's Jewellery Boutique.
 25729 | Orc:2    | Found Doggout's Distillery.
 25788 | Orc:2    | Bought a potion of mutation for 112 gold pieces
 25788 | Orc:2    | Bought a potion of curing for 42 gold pieces
 25788 | Orc:2    | Bought a potion of haste for 140 gold pieces
 25788 | Orc:2    | Bought a potion of heal wounds for 70 gold pieces
 26314 | Elf:1    | Entered Level 1 of the Elven Halls
 26502 | Elf:1    | Found a radiant altar of Vehumet.
 26571 | Elf:1    | Noticed Kirke
 26578 | Elf:1    | Killed Kirke
 26578 | Elf:1    | Identified the cursed ring of the Wild Blue Yonder {rC+,
                  | Self, Elem} (You found it on level 5 of the Dungeon)
 26578 | Elf:1    | Identified the cursed ring of the Stellar Seer {rCorr, Evo,
                  | Self} (You found it on level 8 of the Dungeon)
 27494 | Elf:1    | Reached XP level 16. HP: 139/139 MP: 37/37
 28349 | Elf:2    | Found a shimmering blue altar of Sif Muna.
 28432 | Elf:1    | Identified the cursed +0 pair of boots "I Foresaw This"
                  | {Alch, Comp} (You found it on level 9 of the Dungeon)
 28894 | Elf:1    | Acquired the +0 buckler of Maizxurch {Dex+2}
 29302 | Elf:2    | Found a shimmering blue altar of Sif Muna.
 29439 | Elf:2    | Paralysed by an air elemental for 1 turns
 29730 | Elf:2    | Paralysed by an air elemental for 1 turns
 29734 | Elf:2    | Paralysed by an air elemental for 1 turns
 30086 | Elf:2    | Found a runed translucent gate.
 30134 | Elf:2    | Found a runed translucent gate.
 30134 | Elf:2    | Found a runed translucent gate.
 30180 | Elf:2    | Reached skill level 10 in Hexes
 30182 | Elf:2    | Reached skill level 10 in Transmutations
 30252 | Elf:2    | Noticed a deep elf blademaster
 30257 | Elf:2    | Killed a deep elf blademaster
 31640 | Elf:3    | Entered Level 3 of the Elven Halls
 32145 | Elf:3    | Found Hihe's Book Shoppe.
 32157 | Elf:3    | Bought a book of Annihilations for 840 gold pieces
 32240 | Elf:3    | Found a portal to a secret trove of treasure.
 32270 | Elf:3    | Paralysed by an air elemental for 1 turns
 32511 | Elf:3    | Found Axkas's Weapon Boutique.
 32525 | Elf:3    | Found Toni Nar's Jewellery Shop.
 32594 | Elf:3    | Paralysed by an air elemental for 1 turns
 32597 | Elf:3    | Paralysed by an air elemental for 1 turns
 32770 | Elf:3    | Found Inoat's Magic Scroll Boutique.
 32794 | Elf:3    | Reached skill level 13 in Unarmed Combat
 32800 | Elf:3    | Reached XP level 17. HP: 25/147 MP: 19/38
 33193 | Elf:3    | Paralysed by an air elemental for 1 turns
 33198 | Elf:3    | Paralysed by an air elemental for 1 turns
 33530 | Elf:3    | Identified the +3 double sword of Recklessness {vorpal,
                  | rPois rN+ rCorr}
 33541 | Elf:3    | Cast into level 3 of the Abyss (a deep elf sorcerer)
 33541 | Abyss:3  | Found a corrupted altar of Lugonu.
 33731 | Abyss:3  | Noticed a tentacled starspawn
 33759 | Abyss:3  | Found a hazy altar of Hepliaklqana.
 33759 | Abyss:3  | Found a corrupted altar of Lugonu.
 33784 | Abyss:3  | Noticed a tentacled starspawn
 33791 | Abyss:3  | Noticed a tentacled starspawn
 33804 | Abyss:3  | Killed a tentacled starspawn
 33862 | Abyss:3  | Found a corrupted altar of Lugonu.
 34004 | Abyss:3  | Noticed a tentacled starspawn
 34018 | Abyss:3  | Gained mutation: You are dopey. (Int -2) [mutagenic glow]
 34019 | Abyss:3  | Killed a tentacled starspawn
 34024 | Abyss:3  | Reached XP level 18. HP: 31/155 MP: 2/40
 34042 | Abyss:3  | Gained mutation: You occasionally shout uncontrollably at
                  | your foes. [a neqoxec]
 34333 | Abyss:3  | Lost mutation: You occasionally shout uncontrollably at
                  | your foes. [potion of mutation]
 34333 | Abyss:3  | Lost mutation: You are dopey. (Int -2) [potion of mutation]
 34333 | Abyss:3  | Gained mutation: You tend to lose your temper in combat.
                  | [potion of mutation]
 34333 | Abyss:3  | Gained mutation: Your muscles are strong. (Str +2) [potion
                  | of mutation]
 34333 | Abyss:3  | Gained mutation: You have large cloven feet. [potion of
                  | mutation]
 34333 | Abyss:3  | Gained mutation: Your muscles are very strong. (Str +4)
                  | [potion of mutation]
 34396 | Abyss:3  | Noticed a bone dragon
 34476 | Abyss:3  | HP: 2/155 [white very ugly thing (22)]
 34480 | Abyss:3  | Slain by a white very ugly thing

Illustrated notes

Levels and vault maps discovered:
D:1:      minmay_arrival_stone_box, layout_rooms, serial_shops,
          nicolae_lakefront_shop
D:2:      layout_loops_cross, dreamdust_ecumenical_altar_statues
D:3:      layout_loops_cross, serial_shops, shop, st_stairs_12,
          chequers_arboretum, uniq_jessica
D:4:      layout_basic, okawaru_ov_weapons_minmay, mainiacjoe_overflow_alcove_4,
          minmay_temple_entry_enclosed_plants, grunt_decor_cap, uniq_sigmund,
          uniq_pikel
D:5:      layout_gridville, mainiacjoe_overflow_paths,
          kennysheep_generic_room_13, uniq_prince_ribbit1
D:6:      layout_loops_ring, mainiacjoe_overflow_surrounded_room
D:7:      layout_loops_corners, slow_altar_2, minmay_shop_grid_forest
D:8:      layout_rooms, general_overflow_altar, hangedman_decor_slide_cut,
          kennysheep_donut, minmay_alternating_orb
D:9:      layout_roguey, nemelex_spade_bored_becter, orc_0_dummy,
          gammafunk_ghost_grave, disabler_island, uniq_amaemon
D:10:     layout_small_grid, nicolae_ru_the_path_less_chosen,
          corexii_hall_statues_i, uniq_urug, uniq_sonja
D:11:     layout_loops_ring, dpeg_oklobed_lair
Temple:   minmay_temple_curvy_branch
Lair:1:   layout_roguey, kennysheep_abandoned_house
Lair:2:   layout_cave_pods, roderic_batcave, st_stairs_9,
          grunt_forest_stairs_clearing, lemuel_fruit_fields,
          infiniplex_staircase_pool, lemuel_fruit_fields, lemuel_fruit_fields,
          uniq_harold
Lair:3:   layout_concentric_octagons, dummy_snake_entry
Lair:4:   layout_roguey, swamp_mist_pool, ebering_ghost_reflecting_pool,
          chequers_serial_rivers_room_b, serial_bayou_shore_a,
          lemuel_fruit_fields, uniq_nergalle
Lair:5:   layout_regular_city, minmay_slime_entry_oklob_enclosed
Lair:6:   gammafunk_lair_ancient_temple, layout_long_grid, portal_ice_cave_rime
Orc:1:    layout_caves, basic_altar, lemuel_statue_altar, uniq_josephine
Orc:2:    pubby_orc_utopia, uniq_nessos
Elf:1:    eino_elf_arrival_altar, layout_geoelf_grid, hangedman_elf_disciples,
          uniq_kirke
Elf:2:    nicolae_elf_blades_crystal_corner, layout_loops_cross, basic_altar,
          david_defended_altar_elf
Elf:3:    minmay_elf_hall_four_x, layout_geoelf_octagon, serial_shops,
          nicolae_shop_bloodbath_and_beyond, shop, shop, nicolae_diamond_shop,
          nicolae_trove_entry_diagonal, nrook_loot_triangle, minivault_16
Abyss:3:  base: Snake:1, base: Snake:1, hangedman_grunt_abyss_rune_horror_hoard,
          minivault_23, kilobyte_mutagenic_chamber

Skill      XL: |  1  2  3  4  5  6  7  8  9 10 11 12 13 14 15 16 17 |
---------------+----------------------------------------------------+-----
Spellcasting   | 5 6 7 8 9 10 11 12 | 12.6
Invocations    | 1 2 3 4 5 6 7 8 9 10 11 12 | 12.6
Short Blades   | 1 2 3 4 5 6 7 8 9 10 11 | 11.6
Long Blades    | 1 2 3 4 5 6 7 8 9 10 11 | 11.6
Axes           | 1 2 3 4 5 6 7 8 9 10 11 | 11.6
Maces & Flails | 1 2 3 4 5 6 7 8 9 10 11 | 11.6
Polearms       | 1 2 3 4 5 6 7 8 9 10 11 | 11.6
Staves         | 1 2 3 4 5 6 7 8 9 10 11 | 11.6
Slings         | 1 2 3 4 5 6 7 8 9 10 11 | 11.6
Bows           | 1 2 3 4 5 6 7 8 9 10 11 | 11.6
Crossbows      | 1 2 3 4 5 6 7 8 9 10 11 | 11.6
Throwing       | 1 2 3 4 5 6 7 8 9 10 11 | 11.6
Armour         | 1 2 3 4 5 6 7 8 9 10 11 | 11.6
Stealth        | 1 2 3 4 5 6 7 8 9 10 11 | 11.6
Shields        | 1 2 3 4 5 6 7 8 9 10 11 | 11.6
Conjurations   | 1 2 3 4 5 6 7 8 9 |  9.8
Hexes          | 1 2 3 4 5 6 7 8 9 10 11 | 11.1
Summonings     | 1 2 3 4 5 6 7 8 9 |  9.8
Necromancy     | 1 2 3 4 5 6 7 8 9 |  9.8
Translocations | 1 2 3 4 5 6 7 8 9 |  9.8
Fire Magic     | 1 2 3 4 5 6 7 8 9 |  9.8
Ice Magic      | 1 2 3 4 5 6 7 8 9 |  9.8
Air Magic      | 1 2 3 4 5 6 7 8 9 |  9.8
Earth Magic    | 1 2 3 4 5 6 7 8 9 |  9.8
Poison Magic   | 1 2 3 4 5 6 7 8 9 |  9.8
Evocations     | 1 2 3 4 5 6 7 8 9 10 11 | 11.6
Fighting       | 3 4 5 6 7 8 9 10 11 | 11.9
Transmutations | 4 5 6 7 8 9 10 | 10.5
Dodging        | 5 6 7 8 9 10 11 12 | 12.5
Unarmed Combat | 7 8 9 10 11 12 13 | 13.2

Action                   |  1- 3 |  4- 6 |  7- 9 | 10-12 | 13-15 | 16-18 || total
-------------------------+-------+-------+-------+-------+-------+-------++-------
Melee: Unarmed           |    62 |    53 |   281 |   306 |    96 |    13 ||   811
       Headbutt          |     6 |     4 |       |       |       |       ||    10
       Kick              |    10 |     4 |       |       |     6 |       ||    20
       Bite              |     2 |     3 |     2 |     7 |    45 |    10 ||    69
       Punch             |     1 |       |     2 |     4 |    39 |     5 ||    51
       Demon whip        |       |       |       |    15 |       |       ||    15
       Eveningstar       |       |       |       |    39 |   371 |    78 ||   488
 Cast: Beastly Appendage |    19 |    14 |       |    10 |    10 |       ||    53
       Spider Form       |     2 |     4 |    37 |     3 |     1 |     1 ||    48
       Wereblood         |     1 |     1 |     3 |       |       |       ||     5
       Ice Form          |       |       |     2 |    26 |    16 |     4 ||    48
       Poisonous Vapours |       |       |     2 |    25 |    44 |    43 ||   114
       Ignite Poison     |       |       |     1 |    21 |    71 |    40 ||   133
       Olgreb's Toxic Ra |       |       |       |    27 |    72 |    18 ||   117
       Irradiate         |       |       |       |    20 |     9 |    67 ||    96
       Freezing Cloud    |       |       |       |       |    19 |     5 ||    24
Invok: Curse Item        |       |       |     3 |     5 |     4 |       ||    12
       Shatter the Chain |       |       |       |     2 |     2 |       ||     4
Evoke: Wand              |       |       |       |     3 |       |       ||     3
  Use: Potion            |       |       |     3 |     6 |     3 |    19 ||    31
       Scroll            |       |       |       |     2 |       |     7 ||     9
 Stab: Sleeping          |       |       |     5 |     7 |     9 |     3 ||    24
       Distracted        |       |       |       |       |     2 |       ||     2
Armor: Robe              |    10 |     3 |     7 |    22 |   102 |    52 ||   196
       Skin              |       |       |     9 |   113 |    40 |     8 ||   170
Dodge: Dodged            |    44 |    42 |   230 |   321 |   415 |   132 ||  1184
Block: Other             |       |       |       |    15 |   118 |    44 ||   177
       Reflection        |       |       |       |       |     1 |     4 ||     5

Table legend: (Time is in decaauts)
 A = Elapsed time spent in this place.
 B = Non-inter-level travel time spent in this place.
 C = Inter-level travel time spent in this place.
 D = Time resting spent in this place.
 E = Time spent auto-exploring this place.
 F = Levels seen in this place.
 G = Mean time per level.
                   A        B        C        D        E       F      G
               +--------+--------+--------+--------+--------+-----+--------+
         Total |  34478 |  33256 |   1222 |   3216 |  24586 |  24 | 1436.6 |
       Dungeon |  12951 |  12373 |    578 |   1978 |   8527 |  11 | 1177.4 |
        Temple |    143 |     83 |     60 |      0 |     79 |   1 |  143.0 |
          Lair |   9244 |   8894 |    350 |    713 |   6743 |   6 | 1540.7 |
  Orcish Mines |   3954 |   3816 |    138 |     10 |   3076 |   2 | 1977.0 |
   Elven Halls |   7247 |   7152 |     95 |    515 |   5843 |   3 | 2415.7 |
         Abyss |    937 |    937 |      0 |      0 |    317 |   1 |  937.0 |
               +--------+--------+--------+--------+--------+-----+--------+

Top non-repeatable levels by time:
   Orc:2: 3272 daAuts
   Elf:2: 2939 daAuts
   Elf:1: 2394 daAuts
  Lair:5: 2273 daAuts
   Elf:3: 1913 daAuts
  Lair:6: 1861 daAuts
    D:10: 1819 daAuts
  Lair:4: 1578 daAuts
     D:7: 1455 daAuts
  Lair:2: 1433 daAuts
     D:3: 1417 daAuts
     D:4: 1400 daAuts
     D:9: 1359 daAuts
  Lair:1: 1056 daAuts
  Lair:3: 1040 daAuts
